Map: Catalyseur EC

Players

ChrisGamers

  • Race: Zerg Zerg
  • League: Platinum
  • Spawn Location: 5:00

HoldTheDoor - Winner!

  • Race: Protoss Protoss
  • League: Diamond
  • Spawn Location: 11:00

VOD

Have the link to the VOD?

Description

Time

  • Played on: July 7, 2018, 2:18 p.m.
  • Length: 8:00
Show
View Real Time Build Order
Export as new Build Order

ChrisGamers Zerg 

Build Orders: Hatch First 

Get SALT Encoding   

  12  0:02  Drone  
  13  0:09  Drone  
  14  0:18  Overlord  
  14  0:44  Hatchery  
  14  0:47  Drone  
  14  0:51  Drone  
  14  0:54  Drone  
  16  1:13  Spawning Pool  
  16  1:16  Extractor, Drone  
  15  1:19  Drone  
  16  1:26  Drone  
  17  1:39  Drone  
  18  1:46  Drone  
  19  2:01  Queen x2  
  21  2:02  Zergling x4  
  21  2:07  Overlord  
  25  2:14  Drone  
  25  2:15  Drone  
  27  2:18  Drone  
  28  2:24  Metabolic Boost  
  28  2:28  Drone  
  29  2:32  Drone  
  30  2:37  Drone  
  31  2:45  Queen  
  31  2:49  Overlord  
  33  3:04  Drone x3  
  36  3:06  Overlord  
  36  3:11  Baneling Nest  
  35  3:22  Roach Warren  
  35  3:24  Extractor, Drone x3  
  36  3:31  Zergling x6  
  39  3:49  Drone x2  
  39  3:51  Drone  
  39  3:53  Drone  
  43  3:57  Hatchery  
  42  4:10  Lair  
  42  4:11  Drone  
  42  4:12  Drone x2  
  42  4:13  Drone  
  42  4:14  Drone x3  
  49  4:20  Roach  
  49  4:22  Overlord  
  51  4:42  Drone  
  51  4:43  Drone x2  
  51  4:44  Drone x2  
  56  4:49  Roach x2  
  56  4:50  Overlord  
  56  4:51  Overlord  
  60  5:08  Hydralisk Den  
  60  5:13  Centrifical Hooks, Glial Reconstitution  
  59  5:14  Evolution Chamber x2  
  59  5:15  Zergling x6  
  59  5:16  Zergling x6  
  59  5:17  Roach  
  59  5:19  Zergling x4  
  59  5:20  Zergling x4  
  69  5:27  Extractor  
  69  5:28  Extractor, Drone x2  
  69  5:30  Drone x2  
  71  5:36  Queen  
  73  5:55  Drone x3  
  73  5:56  Drone x3  
  79  6:02  Zerg Missile Weapons Level 1, Grooved Spines  
  75  6:23  Roach  
  77  6:27  Drone x2  
  77  6:28  Drone  
  80  6:33  Extractor  
  80  6:34  Drone x3  
  80  6:36  Extractor, Overlord x8  
  81  6:55  Drone x3  
  81  6:57  Drone x2  
  81  6:58  Drone x2  
  88  7:22  Hydralisk x3  
  82  7:23  Hydralisk x5  
  82  7:25  Zergling x6  
  99  7:33  Roach x2  
  99  7:36  Roach x3  
  105  7:37  Roach  
  105  7:43  Baneling x5  
  105  7:44  Baneling x3  
Show
View Real Time Build Order
Export as new Build Order

HoldTheDoor Protoss - Winner!

Build Orders: 1 Gate Expand 

Get SALT Encoding   

  12  0:00  Probe  
  13  0:12  Probe  
  14  0:22  Pylon  
  14  0:25  Probe  
  15  0:40  Probe  
  15  0:41  Gateway  
  16  0:48  Probe  
  16  0:49  Assimilator  
  16  0:56  Probe  
  18  1:06  Probe  
  19  1:27  Nexus  
  19  1:37  Cybernetics Core  
  19  1:43  Assimilator  
  19  1:44  Probe  
  20  1:53  Pylon  
  20  1:56  Probe  
  22  2:08  Probe  
  22  2:13  Adept  
  24  2:16  Warp Gate  
  24  2:20  Probe  
  25  2:32  Probe  
  25  2:34  Twilight Council  
  26  2:40  Probe  
  27  2:44  Probe  
  27  2:46  Pylon  
  27  2:49  Sentry  
  30  2:57  Probe, Gateway  
  31  3:00  Probe  
  32  3:09  Probe  
  32  3:10  Resonating Glaives  
  32  3:12  Probe  
  34  3:17  Adept  
  36  3:23  Probe  
  36  3:24  Probe  
  38  3:30  Pylon  
  38  3:35  Probe  
  38  3:36  Probe  
  40  3:47  Robotics Facility  
  40  3:48  Pylon  
  40  3:49  Probe  
  40  3:50  Probe  
  42  4:01  Gateway  
  42  4:02  Pylon  
  42  4:03  Probe  
  42  4:04  Probe  
  44  4:16  Probe x2  
  46  4:19  Sentry x2  
  50  4:25  Gateway  
  50  4:27  Gateway  
  50  4:28  Probe  
  51  4:32  Pylon  
  51  4:34  Warp Prism  
  53  4:42  Adept x2  
  57  4:52  Pylon  
  57  4:58  Adept  
  59  5:01  Immortal  
  59  5:03  Adept x2  
  63  5:07  Pylon  
  67  5:20  Adept  
  69  5:25  Adept x2  
  69  5:27  Adept x2  
  77  5:47  Immortal  
  81  5:52  Gateway  
  81  5:54  Gateway  
  81  5:56  Gateway  
  81  5:58  Gateway  
  81  6:00  Pylon  
  81  6:01  Pylon x2  
  81  6:24  Adept x4  
  81  6:25  Adept  
  91  6:36  Pylon  
  91  6:37  Pylon  
  91  6:38  Pylon  
  91  6:39  Pylon  
  91  6:45  Pylon  
  91  6:49  Pylon  
  91  7:00  Adept x3  
  91  7:01  Adept x2  
  101  7:14  Adept  
  103  7:15  Adept, Pylon  
  103  7:17  Pylon  
  103  7:18  Pylon  
  103  7:21  Pylon x2  
  105  7:35  Adept x2  
  105  7:36  Adept x5  
Tags
 
Add a new tag
Caveats
  • Supply blocks, unpowered buildings, or Contaminate may cause inaccurate times.
  • Supply counts are checked every 10 seconds.